 Dungeon Crawl Stone Soup version 0.21.1-1-g345015f (webtiles) character file.

7737 tidbits the Martial Artist (level 11, -4/83 HPs)
             Began as a Gnoll Transmuter on Mar 9, 2018.
             Was a Believer of Cheibriados.
             Slain by a slime creature (7 damage)
             ... on level 12 of the Dungeon.
             The game lasted 00:28:14 (2999 turns).

tidbits the Martial Artist (Gnoll Transmuter)       Turns: 2999, Time: 00:28:15

Health: -4/83      AC:  7    Str: 18    XL:     11   Next: 19%
Magic:  18/25      EV: 18    Int: 23    God:    Cheibriados [**....]
Gold:   250        SH: 10    Dex: 21    Spells: 19/25 levels left

rFire    . . .     SeeInvis +   d - +10 dagger of Hell's Wrath {pain, rElec rPois rC-}
rCold    . . .     Gourm    .   D - +1 buckler {rC+}
rNeg     . . .     Faith    .   B - +0 robe
rPois    +         Spirit   .   E - +1 helmet
rElec    +         Reflect  +   C - +0 cloak
rCorr    +         Harm     .   (no gloves)
MR       .....     Clarity  +   F - +0 pair of boots
Stlth    ++++......             h - +3 amulet of reflection
HPRegen  0.23/turn              z - ring of Qijaeluv {SInv Stlth+}
MPRegen  0.19/turn              K - ring of resist corrosion

@: slowed, drained, very slow
A: distributed training, fangs 1, clarity, high mp 1, poison resistance, strong
nose
a: Bend Time, Renounce Religion


You were on level 12 of the Dungeon.
You worshipped Cheibriados.
Cheibriados was pleased with you.
You were not hungry.

You visited 2 branches of the dungeon, and saw 13 of its levels.
You also visited: Ossuary.

You collected 467 gold pieces.
You spent 217 gold pieces at shops.

Inventory:

Hand Weapons
 b - a +2 short sword of electrocution
   (You took it off Duvessa on level 5 of the Dungeon)
 d - the +10 dagger of Hell's Wrath (weapon) {pain, rElec rPois rC-}
   (You bought it in a shop on level 9 of the Dungeon)

   In the hands of one skilled in necromantic magic, it inflicts extra damage on
   living creatures.
   It makes you vulnerable to cold.
   It insulates you from electricity.
   It protects you from poison.
 f - a +0 dagger
 l - a +1 dagger of venom
   (You took it off an orc wizard on level 7 of the Dungeon)
 n - a +0 hunting sling
 p - a +0 club
 u - a +1 trident of freezing
   (You took it off a wight on level 7 of the Dungeon)
 y - a +0 broad axe
 A - a +2 dagger of draining
   (You took it off Dowan on level 5 of the Dungeon)
 M - a cursed +3 scimitar
Missiles
 a - 49 arrows
 j - 63 stones (quivered)
 o - 28 sling bullets
Armour
 q - a +1 ring mail of magic resistance
   (You found it on level 5 of the Dungeon)
 B - a +0 robe (worn)
 C - a +0 cloak (worn)
 D - a +1 buckler of cold resistance (worn)
   (You took it off a tengu warrior on level 11 of the Dungeon)
 E - a +1 helmet (worn)
 F - a +0 pair of boots (worn)
Magical Staves
 L - an uncursed staff of wizardry {unknown}
   (You found it on level 8 of the Dungeon)
Jewellery
 e - an uncursed amulet of rage
   (You found it on level 2 of the Dungeon)
 h - a +3 amulet of reflection (around neck)
   (You found it on level 3 of the Dungeon)
 z - the ring of Qijaeluv (left hand) {SInv Stlth+}
   (You found it on level 6 of the Dungeon)

   [ring of stealth]

   It lets you see invisible.
   It makes you more stealthy.
 K - a ring of resist corrosion (right hand)
   (You found it on level 7 of the Dungeon)
Wands
 k - a wand of digging (7)
 G - a wand of iceblast (7)
 H - a wand of paralysis (6)
 J - a wand of random effects (34)
Scrolls
 g - a scroll of magic mapping
 r - 3 scrolls of remove curse
 s - a scroll of fear
 I - a scroll of amnesia
Potions
 i - 3 potions of degeneration
 m - 3 potions of might
 v - a potion of mutation {!q}
 N - a potion of agility
Books
 t - a book of Changes

   Spells                             Type                      Level
   a - Beastly Appendage              Transmutation                1
   b - Sticks to Snakes               Transmutation                2
   c - Spider Form                    Transmutation/Poison         3
   d - Ice Form                       Ice/Transmutation            4
   e - Blade Hands                    Transmutation                5
Miscellaneous
 O - a box of beasts
Comestibles
 c - 14 rations


   Skills:
 + Level 6.5(6.2) Fighting
 + Level 5.9(5.6) Short Blades
 + Level 5.9(5.6) Long Blades
 + Level 5.9(5.6) Axes
 + Level 5.9(5.6) Maces & Flails
 + Level 5.9(5.6) Polearms
 + Level 5.9(5.6) Staves
 + Level 5.9(5.6) Slings
 + Level 5.9(5.6) Bows
 + Level 5.9(5.6) Crossbows
 + Level 5.9(5.6) Throwing
 + Level 5.9(5.6) Armour
 + Level 7.6(7.2) Dodging
 + Level 5.9(5.6) Stealth
 + Level 5.9(5.6) Shields
 + Level 9.0(8.6) Unarmed Combat
 + Level 7.9(7.5) Spellcasting
 + Level 4.9(4.6) Conjurations
 + Level 4.9(4.6) Hexes
 + Level 4.9(4.6) Charms
 + Level 4.9(4.6) Summonings
 + Level 4.9(4.6) Necromancy
 + Level 4.9(4.6) Translocations
 + Level 6.3(6.0) Transmutations
 + Level 4.9(4.6) Fire Magic
 + Level 4.9(4.6) Ice Magic
 + Level 4.9(4.6) Air Magic
 + Level 4.9(4.6) Earth Magic
 + Level 4.9(4.6) Poison Magic
 + Level 6.5(6.2) Invocations
 + Level 5.9(5.6) Evocations


You had 19 spell levels left.
You knew the following spells:

 Your Spells              Type           Power        Failure   Level  Hunger
e - Beastly Appendage     Tmut           #####.       1%          1    None
k - Sticks to Snakes      Tmut           #####...     1%          2    None
p - Spider Form           Tmut/Pois      ####......   2%          3    None


Dungeon Overview and Level Annotations

Branches:
Dungeon (12/15)            Temple (1/1) D:7            Lair (0/6) D:8
    Orc: D:9-12

Altars:
Ashenzari
Cheibriados
Elyvilon
Gozag
Hepliaklqana
Kikubaaqudgha
Nemelex Xobeh
Qazlal
Trog
Vehumet
Wu Jian
Xom
Yredelemnul
The Shining One

Shops:
D:9 (

Annotations:
D:8 Psyche


Innate Abilities, Weirdness & Mutations

Your experience applies equally to all skills.
You have very sharp teeth.
Your uncanny sense of smell can sniff out nearby items.
You possess an exceptional clarity of mind.
You have an increased reservoir of magic. (+10% MP)
Your system is resistant to poisons. (rPois)


Message History

You swap places.
The slime creature hits your ball python.
Your ball python dies!
Your adder bites the wraith but does no damage.
The wraith completely misses you.
Your adder bites the wraith but does no damage.
The wraith completely misses you.
There is an open door here.
Your adder barely misses the slime creature.
Your adder bites the wraith but does no damage.
You hit the slime creature but do no damage.
The slime creature hits you. Something hits your adder.
Your adder bites the wraith but does no damage.
Casting: Spider Form
Confirm with . or Enter, or press ? or * to list all spells.
You create 2 snakes!
You now have 49 arrows.
Something hits your adder.
The slime creature completely misses you.
Your adder bites the wraith but does no damage.
Something closely misses your adder.
You hit the slime creature.
The slime creature is lightly wounded.
Your adder bites the wraith but does no damage.
The slime creature completely misses you.
Something misses your adder.
You hit the slime creature.
The slime creature is lightly wounded.
Your ball python bites the slime creature but does no damage.
A slime creature suddenly becomes a very large slime creature.
Your adder barely misses the wraith.
You bite the very large slime creature!
The very large slime creature is poisoned.
The very large slime creature is lightly wounded.
Your ball python bites the very large slime creature.
Your adder bites the wraith but does no damage.
Your ball python bites the very large slime creature.
Your ball python bites the very large slime creature but does no damage.
Your adder bites the wraith but does no damage.
Your ball python bites the very large slime creature.
Your ball python bites the very large slime creature but does no damage.
The very large slime creature hits your ball python!!!
Your ball python dies!
Your adder bites the wraith.
The big kobold barely misses your adder.
Your transformation has ended.
The +10 dagger of Hell's Wrath {pain, rElec rPois rC-} unmelds from your body.
Your +0 cloak unmelds from your body.
Your +1 helmet unmelds from your body.
Your +0 pair of boots unmelds from your body.
Your +1 buckler of cold resistance unmelds from your body.
Your +0 robe unmelds from your body.
Pain shudders through your arm!
You feel resistant to cold.
Your adder bites the wraith but does no damage.
Your ball python bites the very large slime creature.
Evoke which item? (* to show all) (? for menu, Esc to quit)
Aiming: Paralyse
Press: ? - help, Shift-Dir - straight line, f - very large slime creature
Aim: a very large slime creature (lightly wounded, poisoned, chance to defeat MR: 46%)
The very large slime creature resists with some effort.
Your adder bites the kobold.
The kobold dies!
Cheibriados thoroughly appreciates the change of pace.
Your ball python barely misses the very large slime creature.
The very large slime creature hits you!!!
Ouch! That really hurt!
* * * LOW HITPOINT WARNING * * *
Evoke which item? (* to show all) (? for menu, Esc to quit)
Aiming: Paralyse
Press: ? - help, Shift-Dir - straight line, f/p - very large slime creature
Aim: a very large slime creature (lightly wounded, poisoned, chance to defeat MR: 46%)
The very large slime creature resists with some effort.
Your ball python bites the very large slime creature.
A very large slime creature splits.
Your adder closely misses the big kobold.
The big kobold hits your ball python with a dagger of draining.
Your ball python dies!
The wraith misses you.
Unknown command.
As you read the scroll labeled XUM BYITOKKYO, it crumbles to dust.
You feel aware of your surroundings.
It was a scroll of magic mapping.
Your adder barely misses the big kobold.
A large slime creature splits.
The wraith hits you.
* * * LOW HITPOINT WARNING * * *
The wraith drains your vigour!
You feel yourself slow down. You block the slime creature's attack.
The flow of time bends around you.
Cheibriados rebukes the slime creature.
The slime creature seems to slow down.
Cheibriados rebukes the big kobold.
The big kobold seems to slow down.
The slime creature resists with some effort.
Cheibriados rebukes the wraith.
The wraith seems to slow down.
Cheibriados rebukes the slime creature.
The slime creature seems to slow down.
You feel slightly more hungry.
Your adder closely misses the kobold.
The slime creature completely misses you.
Your adder bites the kobold.
The big kobold hits you with a dagger of draining.
* * * LOW HITPOINT WARNING * * *
You feel drained. The wraith closely misses you. The slime creature hits you!
You die...

**,,,,*,*,,,,**,,,,*,,,,*,,*,,**,
,***,,*,*,,,.......*,,,,*,,+,,,,,
,,,****,*,,,......,******,,******
,,,,,***,,,,,.....,**,,,,,,,*
,,,,,,,,,,,,,,....,**,,,,,,,*
,,,,,,,*******#..#*******,,**
*******,,,,,,,#..######**,,*
*,,*,,,,,,,#.......#*,,,******
*,,*,,,***,#J@J....#*,,,**,,,,
*,,*,,.###,#KJW....#*,,,,,,,,,
***+*,,.....##K##########**,,,,
***,,,,,,.......)S.K.......,*****
,,,,,,,,,.........K.J....J.,,,,,,
,,,,,,,,,.....#............,,,,,,
,,,,,,,,,.....#....<......),,,***
,,,,,,,,,....,#..........##,,,,,,
,,,,,,,,,..................,,,,,,


You could see 3 slime creatures, a wraith, a big kobold, a kobold and a friendly
adder.

Vanquished Creatures
  Erolcha (D:10)
  An unseen horror (D:10)
  A tengu conjurer (D:11)
  A troll (D:11)
  The ghost of tidbits the Insei, an amateur GnTm (D:5)
  A hippogriff (D:11)
  A shadow (D:11)
  A yak (D:7)
  3 hogs (D:7)
  A human (D:7)
  A wyvern (D:11)
  A basilisk (D:8)
  Grum (D:9)
  Duvessa (D:5)
  An orc warrior (D:6)
  3 sky beasts
  A necrophage (D:6)
  3 ogres
  3 phantoms
  4 centaurs
  2 wolves (D:9)
  5 bullfrogs
  A wyvern skeleton (D:9)
  A scorpion (D:7)
  5 killer bees (D:11)
  6 wights
  A howler monkey (D:11)
  3 crimson imps
  2 jellies
  A quasit (D:8)
  A bullfrog zombie (D:6)
  2 hounds
  6 orc wizards
  2 worker ants
  A hound zombie (D:5)
  A hound skeleton (D:6)
  3 mummies (Ossuary)
  2 worker ant zombies
  Robin (D:2)
  11 gnolls
  6 adders
  3 shadow imps
  2 adder skeletons
  A worm (D:2)
  A dart slug (D:1)
  A leopard gecko (D:4)
  5 orcs
  4 giant cockroaches
  14 goblins
  3 hobgoblins
  4 jackals (D:3)
  A quokka (D:2)
  A ball python skeleton (D:4)
  2 frilled lizards
  A goblin skeleton (D:7)
  A goblin zombie (D:7)
  3 hobgoblin zombies
  A kobold skeleton (D:7)
  2 kobold zombies (D:7)
  2 orc zombies (D:7)
  3 rats
149 creatures vanquished.

Vanquished Creatures (collateral kills)
  A tengu warrior (D:11)
  Joseph (D:7)
  A yak (D:8)
  A basilisk (D:8)
  A bullfrog (D:7)
  Dowan (D:5)
  A killer bee (D:11)
  A bullfrog skeleton (D:7)
  A hobgoblin zombie (D:7)
  A kobold (D:12)
  An orc skeleton (D:7)
11 creatures vanquished.

Vanquished Creatures (others)
  5 dream sheep (D:8)
5 creatures vanquished.

Grand Total: 165 creatures vanquished

Notes
Turn   | Place    | Note
-------+----------+-------------------------------------------
     0 | D:1      | tidbits the Gnoll Transmuter began the quest for the Orb.
     0 | D:1      | Reached XP level 1. HP: 17/17 MP: 6/6
    61 | D:2      | Reached XP level 2. HP: 16/23 MP: 5/7
    66 | D:2      | Learned a level 2 spell: Sticks to Snakes
   107 | D:3      | Reached XP level 3. HP: 10/28 MP: 6/9
   112 | D:3      | Learned a level 3 spell: Spider Form
   128 | D:3      | Reached skill level 5 in Spellcasting
   166 | D:2      | Noticed Robin
   189 | D:2      | Reached skill level 1 in Invocations
   196 | D:2      | Killed Robin
   196 | D:2      | Reached skill level 1 in Short Blades
   196 | D:2      | Reached skill level 1 in Long Blades
   196 | D:2      | Reached skill level 1 in Axes
   196 | D:2      | Reached skill level 1 in Maces & Flails
   196 | D:2      | Reached skill level 1 in Polearms
   196 | D:2      | Reached skill level 1 in Staves
   196 | D:2      | Reached skill level 1 in Slings
   196 | D:2      | Reached skill level 1 in Bows
   196 | D:2      | Reached skill level 1 in Crossbows
   196 | D:2      | Reached skill level 1 in Throwing
   196 | D:2      | Reached skill level 1 in Armour
   196 | D:2      | Reached skill level 1 in Stealth
   196 | D:2      | Reached skill level 1 in Shields
   196 | D:2      | Reached skill level 1 in Evocations
   203 | D:2      | Reached XP level 4. HP: 11/34 MP: 4/11
   271 | D:3      | Noticed a phantom
   329 | D:3      | Killed a phantom
   329 | D:3      | Reached skill level 3 in Fighting
   329 | D:3      | Reached skill level 1 in Conjurations
   329 | D:3      | Reached skill level 1 in Hexes
   329 | D:3      | Reached skill level 1 in Charms
   329 | D:3      | Reached skill level 1 in Summonings
   329 | D:3      | Reached skill level 1 in Necromancy
   329 | D:3      | Reached skill level 1 in Translocations
   329 | D:3      | Reached skill level 1 in Fire Magic
   329 | D:3      | Reached skill level 1 in Ice Magic
   329 | D:3      | Reached skill level 1 in Air Magic
   329 | D:3      | Reached skill level 1 in Earth Magic
   329 | D:3      | Reached skill level 1 in Poison Magic
   329 | D:3      | Reached XP level 5. HP: 26/41 MP: 1/12
   353 | D:5      | Entered Level 5 of the Dungeon
   359 | D:5      | Reached skill level 4 in Transmutations
   391 | D:5      | Reached XP level 6. HP: 23/47 MP: 1/13
   433 | D:4      | Reached skill level 2 in Invocations
   515 | D:6      | Noticed a phantom
   524 | D:6      | Reached skill level 2 in Short Blades
   524 | D:6      | Reached skill level 2 in Long Blades
   524 | D:6      | Reached skill level 2 in Axes
   524 | D:6      | Reached skill level 2 in Maces & Flails
   524 | D:6      | Reached skill level 2 in Polearms
   524 | D:6      | Reached skill level 2 in Staves
   524 | D:6      | Reached skill level 2 in Slings
   524 | D:6      | Reached skill level 2 in Bows
   524 | D:6      | Reached skill level 2 in Crossbows
   524 | D:6      | Reached skill level 2 in Throwing
   524 | D:6      | Reached skill level 2 in Armour
   524 | D:6      | Reached skill level 5 in Dodging
   524 | D:6      | Reached skill level 2 in Stealth
   524 | D:6      | Reached skill level 2 in Shields
   524 | D:6      | Reached skill level 2 in Evocations
   565 | D:6      | Reached XP level 7. HP: 40/52 MP: 7/15
   569 | D:6      | Reached skill level 7 in Unarmed Combat
   623 | D:6      | Reached skill level 2 in Conjurations
   623 | D:6      | Reached skill level 2 in Hexes
   623 | D:6      | Reached skill level 2 in Charms
   623 | D:6      | Reached skill level 2 in Summonings
   623 | D:6      | Reached skill level 2 in Necromancy
   623 | D:6      | Reached skill level 2 in Translocations
   623 | D:6      | Reached skill level 2 in Fire Magic
   623 | D:6      | Reached skill level 2 in Ice Magic
   623 | D:6      | Reached skill level 2 in Air Magic
   623 | D:6      | Reached skill level 2 in Earth Magic
   623 | D:6      | Reached skill level 2 in Poison Magic
   654 | D:6      | HP: 6/78 [something (5)]
   711 | D:5      | Noticed tidbits's ghost (amateur GnTm)
   711 | D:5      | Found a sand-covered staircase.
   721 | D:5      | Reached skill level 3 in Invocations
   727 | D:5      | Killed tidbits's ghost
   727 | D:5      | Reached skill level 4 in Fighting
   727 | D:5      | Reached XP level 8. HP: 29/60 MP: 13/16
   757 | Ossuary  | Entered an ossuary
   786 | Ossuary  | Reached skill level 3 in Short Blades
   786 | Ossuary  | Reached skill level 3 in Long Blades
   786 | Ossuary  | Reached skill level 3 in Axes
   786 | Ossuary  | Reached skill level 3 in Maces & Flails
   786 | Ossuary  | Reached skill level 3 in Polearms
   786 | Ossuary  | Reached skill level 3 in Staves
   786 | Ossuary  | Reached skill level 3 in Slings
   786 | Ossuary  | Reached skill level 3 in Bows
   786 | Ossuary  | Reached skill level 3 in Crossbows
   786 | Ossuary  | Reached skill level 3 in Throwing
   786 | Ossuary  | Reached skill level 3 in Armour
   786 | Ossuary  | Reached skill level 3 in Stealth
   786 | Ossuary  | Reached skill level 3 in Shields
   786 | Ossuary  | Reached skill level 3 in Evocations
   997 | D:6      | Reached skill level 6 in Spellcasting
  1103 | D:5      | Noticed Duvessa
  1103 | D:5      | Noticed Dowan
  1110 | D:5      | Killed Duvessa
  1119 | D:5      | Killed Dowan
  1153 | D:5      | Reached skill level 4 in Invocations
  1157 | D:5      | Reached skill level 3 in Conjurations
  1157 | D:5      | Reached skill level 3 in Hexes
  1157 | D:5      | Reached skill level 3 in Charms
  1157 | D:5      | Reached skill level 3 in Summonings
  1157 | D:5      | Reached skill level 3 in Necromancy
  1157 | D:5      | Reached skill level 3 in Translocations
  1157 | D:5      | Reached skill level 3 in Fire Magic
  1157 | D:5      | Reached skill level 3 in Ice Magic
  1157 | D:5      | Reached skill level 3 in Air Magic
  1157 | D:5      | Reached skill level 3 in Earth Magic
  1157 | D:5      | Reached skill level 3 in Poison Magic
  1199 | D:6      | Got a faintly glowing iron ring
  1200 | D:6      | Identified the ring of Qijaeluv {SInv Stlth+} (You found it on level 6 of the Dungeon)
  1222 | D:7      | Reached XP level 9. HP: 43/66 MP: 15/18
  1225 | D:7      | Reached skill level 6 in Dodging
  1227 | D:7      | Reached skill level 5 in Transmutations
  1269 | D:7      | Found a basalt altar of Yredelemnul.
  1270 | D:7      | Found a shattered altar of Ashenzari.
  1385 | D:7      | Found a glowing golden altar of the Shining One.
  1458 | D:7      | Reached skill level 4 in Short Blades
  1458 | D:7      | Reached skill level 4 in Long Blades
  1458 | D:7      | Reached skill level 4 in Axes
  1458 | D:7      | Reached skill level 4 in Maces & Flails
  1458 | D:7      | Reached skill level 4 in Polearms
  1458 | D:7      | Reached skill level 4 in Staves
  1458 | D:7      | Reached skill level 4 in Slings
  1458 | D:7      | Reached skill level 4 in Bows
  1458 | D:7      | Reached skill level 4 in Crossbows
  1458 | D:7      | Reached skill level 4 in Throwing
  1458 | D:7      | Reached skill level 4 in Armour
  1458 | D:7      | Reached skill level 4 in Stealth
  1458 | D:7      | Reached skill level 4 in Shields
  1458 | D:7      | Reached skill level 4 in Evocations
  1470 | D:7      | Reached skill level 5 in Fighting
  1576 | D:8      | Noticed Psyche
  1612 | D:6      | Reached skill level 8 in Unarmed Combat
  1708 | D:7      | Found a staircase to the Ecumenical Temple.
  1720 | D:7      | Reached skill level 5 in Invocations
  1728 | Temple   | Entered the Ecumenical Temple
  1745 | Temple   | Became a worshipper of Cheibriados the Contemplative
  1832 | D:7      | Noticed Joseph
  1836 | D:7      | HP: 5/68 [Joseph/uncursed quarterstaff (19)]
  1837 | D:7      | HP: 2/68 [Joseph/uncursed quarterstaff (8)]
  1838 | D:7      | Gained mutation: You are agile. (Dex +2) [potion of mutation]
  1838 | D:7      | Gained mutation: You are somewhat resistant to further mutation. [potion of mutation]
  1848 | D:7      | Killed Joseph
  1848 | D:7      | Reached skill level 7 in Spellcasting
  1848 | D:7      | Reached XP level 10. HP: 14/74 MP: 14/20
  1908 | D:7      | Reached skill level 4 in Conjurations
  1908 | D:7      | Reached skill level 4 in Hexes
  1908 | D:7      | Reached skill level 4 in Charms
  1908 | D:7      | Reached skill level 4 in Summonings
  1908 | D:7      | Reached skill level 4 in Necromancy
  1908 | D:7      | Reached skill level 4 in Translocations
  1908 | D:7      | Reached skill level 4 in Fire Magic
  1908 | D:7      | Reached skill level 4 in Ice Magic
  1908 | D:7      | Reached skill level 4 in Air Magic
  1908 | D:7      | Reached skill level 4 in Earth Magic
  1908 | D:7      | Reached skill level 4 in Poison Magic
  1929 | D:8      | Found a shimmering altar of Xom.
  2004 | D:8      | Reached * piety under Cheibriados
  2021 | D:8      | Found a sparkling altar of Nemelex Xobeh.
  2097 | D:8      | Noticed an elephant
  2102 | D:8      | Found a staircase to the Lair.
  2122 | D:8      | Reached skill level 5 in Short Blades
  2122 | D:8      | Reached skill level 5 in Long Blades
  2122 | D:8      | Reached skill level 5 in Axes
  2122 | D:8      | Reached skill level 5 in Maces & Flails
  2122 | D:8      | Reached skill level 5 in Polearms
  2122 | D:8      | Reached skill level 5 in Staves
  2122 | D:8      | Reached skill level 5 in Slings
  2122 | D:8      | Reached skill level 5 in Bows
  2122 | D:8      | Reached skill level 5 in Crossbows
  2122 | D:8      | Reached skill level 5 in Throwing
  2122 | D:8      | Reached skill level 5 in Armour
  2122 | D:8      | Reached skill level 5 in Stealth
  2122 | D:8      | Reached skill level 5 in Shields
  2122 | D:8      | Reached skill level 5 in Evocations
  2170 | D:9      | Noticed a two-headed ogre
  2184 | D:10     | Entered Level 10 of the Dungeon
  2230 | D:9      | Noticed Grum
  2242 | D:9      | Killed Grum
  2247 | D:9      | Reached skill level 7 in Dodging
  2292 | D:10     | Noticed an unseen horror
  2300 | D:10     | Killed an unseen horror
  2308 | D:9      | Found Syelow's Antique Weapon Emporium.
  2317 | D:9      | Bought a scorched dagger for 217 gold pieces
  2317 | D:9      | Identified the +10 dagger of Hell's Wrath {pain, rElec rPois rC-} (You bought it in a shop on level 9 of the Dungeon)
  2371 | D:10     | Noticed Erolcha
  2375 | D:10     | Killed Erolcha
  2375 | D:10     | Reached skill level 6 in Fighting
  2375 | D:10     | Reached skill level 6 in Transmutations
  2375 | D:10     | Reached skill level 6 in Invocations
  2491 | D:11     | Lost mutation: You are agile. (Dex +2) [potion of mutation]
  2491 | D:11     | Lost mutation: You are somewhat resistant to further mutation. [potion of mutation]
  2491 | D:11     | Gained mutation: You possess an exceptional clarity of mind. [potion of mutation]
  2491 | D:11     | Gained mutation: You have an increased reservoir of magic. (+10% MP) [potion of mutation]
  2491 | D:11     | Gained mutation: Your system is resistant to poisons. (rPois) [potion of mutation]
  2724 | D:11     | Reached ** piety under Cheibriados
  2724 | D:11     | Reached XP level 11. HP: 82/82 MP: 24/24
  2808 | D:11     | Noticed a tengu warrior
  2832 | D:11     | HP: 6/83 [tengu warrior/war axe (5)]
  2833 | D:11     | HP: 1/83 [tengu warrior/war axe (4)]
  2838 | D:11     | HP: 8/83 [tengu warrior/war axe (3)]
  2840 | D:11     | HP: 1/83 [tengu warrior/war axe (5)]
  2844 | D:11     | Killed a tengu warrior
  2934 | D:11     | Reached skill level 9 in Unarmed Combat
  2998 | D:12     | HP: 8/83 [wraith (4)]
  2999 | D:12     | HP: 3/83 [big kobold/dagger of draining (6)]
  2999 | D:12     | Slain by a slime creature

Skill      XL: |  1  2  3  4  5  6  7  8  9 10 11 |
---------------+----------------------------------+-----
Spellcasting   | 5 6 7 |  7.9
Invocations    | 1 2 3 4 5 6 |  6.5
Short Blades   | 1 2 3 4 5 |  5.9
Long Blades    | 1 2 3 4 5 |  5.9
Axes           | 1 2 3 4 5 |  5.9
Maces & Flails | 1 2 3 4 5 |  5.9
Polearms       | 1 2 3 4 5 |  5.9
Staves         | 1 2 3 4 5 |  5.9
Slings         | 1 2 3 4 5 |  5.9
Bows           | 1 2 3 4 5 |  5.9
Crossbows      | 1 2 3 4 5 |  5.9
Throwing       | 1 2 3 4 5 |  5.9
Armour         | 1 2 3 4 5 |  5.9
Stealth        | 1 2 3 4 5 |  5.9
Shields        | 1 2 3 4 5 |  5.9
Evocations     | 1 2 3 4 5 |  5.9
Fighting       | 3 4 5 6 |  6.5
Conjurations   | 1 2 3 4 |  4.9
Hexes          | 1 2 3 4 |  4.9
Charms         | 1 2 3 4 |  4.9
Summonings     | 1 2 3 4 |  4.9
Necromancy     | 1 2 3 4 |  4.9
Translocations | 1 2 3 4 |  4.9
Fire Magic     | 1 2 3 4 |  4.9
Ice Magic      | 1 2 3 4 |  4.9
Air Magic      | 1 2 3 4 |  4.9
Earth Magic    | 1 2 3 4 |  4.9
Poison Magic   | 1 2 3 4 |  4.9
Transmutations | 4 5 6 |  6.3
Dodging        | 5 6 7 |  7.6
Unarmed Combat | 7 8 9 |  9.0

Action                   |  1- 3 |  4- 6 |  7- 9 | 10-12 || total
-------------------------+-------+-------+-------+-------++-------
Melee: Unarmed           |    51 |    68 |   210 |    72 ||   401
       Kick              |     3 |       |       |       ||     3
       Bite              |     2 |       |       |    14 ||    16
       Headbutt          |     2 |     1 |       |       ||     3
       Punch             |       |       |     1 |     1 ||     2
       Dagger            |       |       |       |    74 ||    74
 Fire: Hunting sling     |       |     6 |       |       ||     6
Throw: Stone             |       |       |       |     1 ||     1
 Cast: Beastly Appendage |     4 |     2 |       |       ||     6
       Sticks to Snakes  |     1 |     3 |    15 |    14 ||    33
       Spider Form       |     3 |    10 |    24 |    11 ||    48
Invok: Bend Time         |       |       |       |     1 ||     1
 Abil: Evoke Berserk Rag |       |     1 |     9 |       ||    10
       End Transformatio |       |       |     1 |     1 ||     2
Evoke: Wand              |       |       |       |     3 ||     3
  Use: Potion            |     1 |       |     9 |     6 ||    16
       Scroll            |       |     2 |     4 |     2 ||     8
 Stab: Sleeping          |     1 |       |     1 |     6 ||     8
       Distracted        |       |       |     5 |       ||     5
  Eat: Ration            |       |       |     2 |       ||     2
       Chunk             |       |       |     8 |     3 ||    11
Armor: Robe              |     2 |     1 |     1 |    16 ||    20
       Skin              |     3 |     3 |    36 |     3 ||    45
Dodge: Dodged            |    41 |    70 |   156 |   147 ||   414
Block: Other             |       |       |     1 |     7 ||     8
       Buckler           |       |       |       |     6 ||     6

Table legend:
 A = Turns spent in this place as a percentage of turns spent in the entire game.
 B = Non-inter-level travel turns spent in this place as a percentage of non-inter-level travel turns spent in the entire game.
 C = Inter-level travel turns spent in this place as a percentage of turns spent in this place.
 D = Turns resting spent in this place as a percentage of non-inter-level travel turns spent in this place.
 E = Turns spent auto-exploring this place as a percentage of non-inter-level travel turns spent in this place.
 F = Non-inter-level travel turns spent in this place divided by the number of levels of this place that you've seen.
                   A       B       C       D       E      F
               +-------+-------+-------+-------+-------+----------------------
         Total | 100.0 | 100.0 |   0.5 |   0.0 |   0.0 | 213.1
       Dungeon |  94.2 |  94.7 |   0.0 |   0.0 |   0.0 | 235.5
        Temple |   1.2 |   0.7 |  44.4 |   0.0 |   0.0 |  20.0
       Ossuary |   4.6 |   4.6 |   0.0 |   0.0 |   0.0 | 137.0
               +-------+-------+-------+-------+-------+----------------------

Table legend:
 A = Kills in this place as a percentage of kills in entire the game.
 B = Kills by you in this place as a percentage of kills by you in the entire game.
 C = Kills by friends in this place as a percentage of kills by friends in the entire game.
 D = Other kills in this place as a percentage of other kills in the entire game.
 E = Experience gained in this place as a percentage of experience gained in the entire game.
 F = Experience gained in this place divided by the number of levels of this place that you have seen.
                   A       B       C       D       E      F
               +-------+-------+-------+-------+-------+----------------------
         Total | 100.0 | 100.0 | 100.0 |   N/A | 100.0 | 789.5
       Dungeon |  97.5 |  97.3 | 100.0 |   N/A |  99.5 | 916.5
       Ossuary |   2.5 |   2.7 |   0.0 |   N/A |   0.5 |  55.0
               +-------+-------+-------+-------+-------+----------------------

Vault maps used:
D:1:      minmay_arrival_up_and_down, nemelex_diamond_rough_becter
D:2:      minmay_misc_feat_iff, uniq_robin
D:3:      lemuel_castle_with_subvaults, first_ration
D:4:      nicolae_ru_awakened_eye, fedhas_bush_and_centaur_altar,
          uniq_crazy_yiuf_cottage
D:5:      lemuel_doored_altar, nicolae_ossuary_entry_false_entrances,
          serial_corexii_hall, corexii_hall_statues_i, corexii_hall_statues_l,
          uniq_duvessa
D:6:      serial_shops, shop_fountains
D:7:      nicolae_overflow_hidden_temple, nicolae_tso_besieged_by_evil,
          minitemple, minmay_temple_entry_mist, grunt_livestock, uniq_joseph
D:8:      kb_xom_exploding_sheep, david_lair_generic, basic_altar, uniq_psyche
D:9:      zombieorc2_lemuel, serial_shops, shop, nicolae_shop_stone,
          nicolae_shop_behind_doors, shop, shop, uniq_grum
D:10:     uniq_erolcha
D:12:     minmay_the_grid_triangle_9x9_recursive_2
Temple:   zaba_magenta_temple
Ossuary:  ossuary_crypta
